Map: Ascension to Aiur LE

Players

Serral

  • Race: Zerg Zerg
  • League: Master
  • Spawn Location: 5:00

LiquidSnute (Snute) - Winner!

  • Race: Zerg Zerg
  • Spawn Location: 11:00

Event: HomeStory Cup XV

VOD

Have the link to the VOD?

Description

Time

  • Played on: July 22, 2017, 10:11 a.m.
  • Length: 16:10

All games in this series

Show
View Real Time Build Order
Export as new Build Order

Serral Zerg 

Build Orders: Hatch First, Zergling Baneling 

Get SALT Encoding   

  12  0:00  Drone  
  13  0:12  Overlord  
  13  0:17  Drone  
  14  0:31  Drone  
  14  0:32  Drone  
  14  0:34  Drone  
  17  0:51  Hatchery  
  17  0:55  Drone  
  17  0:58  Drone  
  18  1:09  Extractor  
  17  1:12  Spawning Pool  
  17  1:15  Drone  
  17  1:19  Drone  
  18  1:28  Drone  
  19  1:38  Overlord  
  19  1:51  Drone  
  20  1:58  Queen  
  20  2:00  Zergling x2  
  23  2:03  Queen  
  23  2:04  Zergling x2  
  23  2:08  Metabolic Boost  
  26  2:11  Drone  
  26  2:14  Drone  
  28  2:22  Drone  
  29  2:25  Drone  
  29  2:28  Baneling Nest  
  29  2:33  Drone  
  29  2:36  Drone  
  31  2:48  Hatchery  
  31  2:50  Drone  
  31  2:55  Overlord  
  31  2:57  Drone  
  32  3:00  Drone  
  33  3:06  Zergling x2  
  33  3:09  Zergling x4  
  35  3:13  Zergling x2  
  35  3:14  Zergling x2  
  35  3:15  Zergling x2  
  35  3:17  Baneling x2  
  38  3:21  Zergling x4  
  38  3:22  Zergling x2  
  41  3:31  Overlord  
  41  3:33  Zergling x4  
  43  3:40  Zergling x2  
  44  3:43  Overlord  
  44  3:47  Overlord  
  44  3:50  Baneling  
  40  3:56  Drone x4  
  40  3:59  Drone x2  
  40  4:00  Drone  
  47  4:05  Drone  
  47  4:07  Drone  
  49  4:11  Roach Warren  
  49  4:17  Drone x4  
  49  4:23  Zergling x6  
  54  4:28  Queen  
  56  4:33  Baneling x2  
  56  4:38  Drone x3  
  58  4:39  Evolution Chamber  
  58  4:40  Baneling, Drone  
  58  4:43  Drone  
  58  4:45  Baneling x2  
  60  4:48  Drone x3  
  60  4:51  Drone x2  
  65  4:53  Drone  
  65  4:58  Overlord  
  58  5:01  Drone  
  58  5:02  Drone  
  58  5:05  Extractor x2  
  58  5:06  Zerg Missile Weapons Level 1  
  58  5:09  Zergling x6  
  58  5:12  Baneling x2  
  60  5:16  Drone  
  60  5:17  Zergling x8  
  63  5:22  Queen  
  65  5:30  Zergling x6  
  65  5:32  Drone x2  
  67  5:35  Overlord  
  67  5:36  Drone  
  67  5:37  Drone  
  67  5:41  Drone x2  
  69  5:43  Lair  
  69  5:45  Baneling  
  69  5:46  Baneling  
  67  5:52  Drone x4  
  74  5:59  Overlord  
  74  6:00  Extractor  
  71  6:05  Roach x4  
  71  6:10  Roach x2  
  83  6:12  Spine Crawler  
  83  6:14  Roach, Spine Crawler  
  82  6:20  Roach  
  82  6:21  Roach x3  
  82  6:23  Spine Crawler  
  89  6:28  Roach x2  
  89  6:29  Overlord  
  93  6:38  Roach x3  
  91  6:47  Roach x2  
  91  6:48  Roach x3  
  99  7:00  Roach  
  99  7:01  Roach x3  
  105  7:03  Glial Reconstitution  
  105  7:04  Overlord x2  
  105  7:07  Drone  
  106  7:18  Overlord x3  
  106  7:22  Overseer  
  106  7:24  Drone x2  
  106  7:28  Hatchery  
  106  7:29  Extractor x2  
  105  7:34  Zerg Missile Weapons Level 2  
  105  7:35  Drone x5  
  110  7:40  Hatchery  
  110  7:42  Zergling x2  
  111  7:47  Roach x2  
  115  7:55  Drone  
  116  7:59  Drone x3  
  116  8:04  Drone x2  
  116  8:05  Drone  
  122  8:06  Roach x3  
  128  8:15  Queen  
  128  8:16  Roach  
  128  8:17  Roach x2  
  133  8:22  Overlord  
  133  8:23  Roach x4  
  141  8:28  Burrow  
  141  8:32  Queen  
  141  8:36  Tunneling Claws  
  141  8:43  Roach x4  
  141  8:44  Roach x2  
  141  8:45  Overlord x3  
  153  8:55  Overlord  
  151  9:02  Roach x4  
  159  9:09  Queen  
  159  9:10  Queen x2  
  159  9:12  Spore Crawler  
  159  9:13  Spore Crawler  
  159  9:15  Spore Crawler  
  156  9:17  Spore Crawler  
  156  9:19  Roach  
  146  9:32  Roach x5  
  146  9:33  Roach x23  
  146  9:38  Roach x6  
  151  9:41  Roach x2  
  151  9:44  Roach  
  153  9:48  Roach x2  
  153  9:51  Roach  
  155  9:53  Roach  
  155  9:55  Roach x2  
  155  9:57  Roach x4  
  155  9:59  Roach x2  
  157  10:05  Drone x2  
  157  10:06  Roach x2  
  142  10:07  Drone x2  
  142  10:08  Drone  
  142  10:09  Drone  
  142  10:13  Drone  
  134  10:16  Drone  
  134  10:17  Roach x3  
  134  10:18  Roach  
  133  10:21  Roach x2  
  133  10:24  Roach  
  127  10:31  Roach x3  
  127  10:33  Roach  
  127  10:35  Roach x6  
  133  10:38  Roach  
  132  10:42  Drone  
  132  10:43  Drone x3  
  132  10:48  Spore Crawler  
  130  10:51  Roach x3  
  130  10:52  Roach x3  
  130  10:53  Roach  
  138  11:02  Roach  
  142  11:04  Roach x5  
  142  11:05  Roach  
  150  11:13  Roach x4  
  150  11:16  Roach x3  
  150  11:17  Roach  
  150  11:19  Roach  
  150  11:22  Roach x4  
  150  11:23  Roach x6  
  170  11:35  Roach  
  166  11:42  Infestation Pit, Roach x4  
  166  11:44  Drone x3  
  166  11:45  Drone x3  
  167  11:48  Drone x4  
  167  11:49  Drone  
  167  11:50  Drone x2  
  167  11:51  Extractor  
  167  12:02  Zerg Ground Armor Level 1  
  167  12:06  Overlord  
  172  12:08  Ravager x9  
  172  12:09  Overlord  
  172  12:12  Extractor x2  
  172  12:14  Drone x2  
  174  12:23  Infestor, Unknown x2  
  176  12:30  Infestor  
  176  12:33  Drone x2  
  176  12:36  Queen x2  
  184  12:39  Overlord x2  
  184  12:42  Queen  
  184  12:45  Overlord  
  184  12:48  Queen  
  183  12:54  Overlord  
  183  12:58  Roach x8  
  199  13:01  Roach x4  
  199  13:04  Roach x5  
  199  13:09  Hydralisk Den  
  200  13:12  Ravager x2  
  171  13:37  Roach x10  
  171  13:38  Roach x4  
  165  13:42  Roach  
  165  13:45  Roach x7  
  165  13:46  Roach x6  
  165  13:47  Roach x2  
  181  13:51  Roach x24  
  160  14:03  Roach x3  
  142  14:12  Roach x3  
  142  14:16  Roach x5  
  122  14:28  Roach  
  122  14:29  Roach x3  
  118  14:39  Roach x3  
  118  14:40  Roach  
  118  14:41  Roach  
  118  14:42  Roach x22  
  120  14:52  Roach x2  
  120  14:53  Roach x2  
  120  15:08  Roach x2  
  120  15:09  Roach x2  
  120  15:10  Roach x2  
  128  15:19  Ravager  
  128  15:20  Ravager x6  
  125  15:27  Ravager x3  
  124  15:33  Roach  
  125  15:42  Roach  
  125  15:43  Roach  
Show
View Real Time Build Order
Export as new Build Order

LiquidSnute Zerg - Winner!

Build Orders: Hatch First, Zergling Baneling 

Get SALT Encoding   

  12  0:00  Drone  
  13  0:11  Overlord  
  13  0:16  Drone  
  14  0:30  Drone x2  
  14  0:33  Drone  
  17  0:51  Hatchery  
  17  0:54  Drone  
  17  0:57  Drone  
  17  1:01  Extractor  
  17  1:06  Drone  
  18  1:16  Spawning Pool  
  17  1:19  Drone  
  18  1:28  Drone  
  19  1:38  Drone  
  20  1:51  Hatchery  
  19  2:02  Metabolic Boost  
  19  2:04  Queen  
  19  2:07  Drone  
  22  2:10  Drone  
  22  2:13  Drone  
  24  2:17  Drone  
  25  2:22  Overlord  
  25  2:25  Drone  
  25  2:29  Drone  
  27  2:32  Zergling x2  
  28  2:37  Baneling Nest  
  28  2:40  Zergling x2  
  28  2:44  Zergling x2  
  28  2:49  Drone  
  30  2:51  Queen  
  30  2:54  Drone  
  30  2:57  Drone  
  34  3:03  Drone  
  34  3:05  Drone  
  36  3:07  Drone  
  37  3:13  Drone x3  
  37  3:14  Drone  
  37  3:15  Drone  
  42  3:21  Overlord  
  42  3:25  Baneling x2  
  42  3:26  Overlord  
  42  3:38  Overlord  
  42  3:39  Queen  
  44  3:43  Zergling x8  
  44  3:45  Zergling x2  
  44  3:46  Zergling x4  
  50  3:49  Zergling x4  
  51  3:57  Zergling x6  
  51  3:59  Zergling x2  
  51  4:04  Baneling x2  
  51  4:06  Drone x3  
  51  4:07  Drone  
  51  4:09  Baneling x2  
  55  4:12  Drone  
  55  4:15  Baneling x2  
  55  4:17  Drone  
  55  4:18  Drone  
  55  4:20  Drone  
  55  4:21  Drone  
  55  4:23  Queen  
  61  4:24  Drone x2  
  61  4:28  Baneling x2  
  61  4:29  Overlord  
  61  4:31  Drone  
  64  4:36  Drone  
  64  4:39  Drone  
  64  4:42  Extractor, Roach Warren  
  64  4:43  Extractor, Drone x2  
  64  4:49  Drone x4  
  64  4:51  Drone x2  
  70  4:57  Overlord  
  68  5:01  Zergling x4  
  69  5:07  Overlord  
  69  5:10  Overlord  
  69  5:11  Overlord  
  68  5:21  Baneling  
  67  5:23  Roach x7  
  67  5:27  Baneling  
  80  5:31  Roach x4  
  85  5:38  Roach  
  85  5:41  Roach  
  86  5:43  Roach  
  86  5:44  Roach  
  86  5:48  Zergling x4  
  86  5:49  Zergling x2  
  92  5:54  Extractor  
  92  5:55  Evolution Chamber  
  90  5:57  Zergling x4  
  90  5:58  Lair  
  90  6:01  Zergling x4  
  94  6:05  Zergling x2  
  95  6:12  Zergling x4  
  95  6:13  Ravager x2  
  95  6:16  Zergling x2  
  100  6:21  Zergling x2  
  100  6:22  Zergling x10  
  100  6:24  Overlord x4  
  105  6:27  Extractor  
  104  6:35  Hatchery  
  104  6:38  Ravager  
  104  6:40  Drone  
  92  6:47  Drone x8  
  92  6:52  Drone x3  
  101  6:55  Drone x2  
  101  6:56  Drone x3  
  101  6:58  Glial Reconstitution, Zerg Missile Weapons Level 1  
  104  7:02  Drone x2  
  104  7:03  Spire  
  104  7:06  Extractor  
  104  7:14  Roach  
  104  7:15  Roach x3  
  112  7:17  Roach  
  112  7:18  Roach x2  
  118  7:24  Roach  
  118  7:25  Roach  
  122  7:34  Drone x2  
  124  7:42  Drone x3  
  125  7:48  Queen  
  125  7:49  Extractor, Roach x6  
  125  7:50  Roach  
  140  7:53  Roach x2  
  140  7:54  Extractor  
  140  7:57  Overlord x3  
  142  8:17  Mutalisk x7  
  154  8:23  Mutalisk  
  154  8:33  Roach  
  154  8:34  Roach x3  
  158  8:38  Overlord x2  
  158  8:40  Roach x4  
  168  8:52  Zerg Flyer Weapons Level 1  
  168  8:54  Overlord x2  
  168  8:55  Zerg Missile Weapons Level 2  
  168  8:59  Roach x4  
  168  9:00  Roach x5  
  182  9:04  Overlord  
  182  9:07  Overlord  
  182  9:14  Roach  
  182  9:15  Roach x4  
  192  9:24  Roach x5  
  196  9:40  Roach x3  
  196  9:41  Overseer  
  193  9:54  Overseer  
  193  9:58  Roach  
  193  9:59  Roach x11  
  171  10:08  Overseer x2  
  171  10:11  Spore Crawler  
  171  10:12  Roach x4  
  164  10:20  Drone x6  
  149  10:24  Roach  
  149  10:26  Roach  
  142  10:34  Drone x4  
  146  10:40  Drone  
  146  10:41  Drone  
  144  10:44  Pneumatized Carapace  
  144  10:54  Roach x5  
  154  10:58  Roach  
  154  11:00  Ravager x2  
  154  11:02  Ravager  
  154  11:03  Ravager  
  161  11:04  Ravager x2  
  161  11:05  Ravager  
  161  11:07  Ravager x3  
  161  11:08  Roach x2  
  170  11:15  Roach x4  
  173  11:19  Drone x2  
  173  11:23  Drone x2  
  173  11:24  Zerg Ground Armor Level 1  
  176  11:28  Drone x2  
  177  11:33  Drone  
  177  11:37  Spore Crawler  
  177  11:38  Drone x2  
  177  11:39  Drone  
  176  11:55  Roach x6  
  176  11:56  Queen  
  176  11:57  Queen  
  176  11:58  Queen  
  194  12:09  Hatchery  
  194  12:13  Ravager x2  
  194  12:15  Roach x2  
  199  12:42  Infestation Pit  
  198  13:08  Roach  
  200  13:16  Hatchery  
  200  13:19  Zerg Ground Armor Level 2  
  185  13:39  Roach x13  
  185  13:41  Roach x7  
  199  13:48  Roach  
  149  14:10  Roach x10  
  149  14:11  Roach  
  149  14:16  Roach x4  
  151  14:18  Roach x3  
  129  14:25  Roach x4  
  129  14:28  Roach  
  129  14:29  Roach  
  128  14:32  Roach  
  124  14:38  Roach  
  124  14:39  Roach x3  
  124  14:44  Roach  
  132  14:52  Overseer  
  132  14:55  Ravager x2  
  132  14:56  Ravager  
  132  14:57  Ravager  
  138  15:07  Roach x2  
  140  15:24  Spore Crawler  
  140  15:26  Roach x6  
  151  15:32  Roach x2  
  155  15:47  Roach  
  155  15:48  Roach x4  
Tags
 
Add a new tag
Caveats
  • Supply blocks, unpowered buildings, or Contaminate may cause inaccurate times.
  • Supply counts are checked every 10 seconds.